 Dungeon Crawl Stone Soup version 0.30.0-29-ga12c61a403 (webtiles) character file.

Game seed: 17547409073161446161

259 ChadusMaximus the Chopper (level 5, -2/47 HPs)
             Began as a Minotaur Fighter on June 25, 2023.
             Slain by Grinder (6 damage)
             ... while paralysed by Grinder
             ... on level 3 of the Dungeon.
             The game lasted 00:01:28 (1916 turns).

ChadusMaximus the Chopper (Minotaur Fighter)        Turns: 1916, Time: 00:01:29

Health: -2/47      AC:  7    Str: 23    XL:     5   Next: 95%
Magic:  4/4        EV:  2    Int:  5    God:
Gold:   54         SH:  0    Dex:  9    Spells: 4/4 levels left

rFire   . . .        a - +0 war axe
rCold   . . .        c - +0 buckler
rNeg    . . .        b - +0 scale mail
rPois   .            (helmet restricted)
rElec   .            (no cloak)
rCorr   .            (no gloves)
SInv    .            (no boots)
Will    .....        (no amulet) Stlth
                     (no ring)
HPRegen 0.27/turn    (no ring)
MPRegen 0.09/turn

%: no passive effects
@: paralysed
A: horns 2, retaliatory headbutt
a: no special abilities


You were on level 3 of the Dungeon.
You visited 1 branch of the dungeon, and saw 3 of its levels.

You collected 54 gold pieces.

Inventory:

Hand Weapons
 a - a +0 war axe (weapon)
Armour
 b - a +0 scale mail (worn)
 c - a +0 buckler (worn)
Jewellery
 f - a ring of flight
Scrolls
 g - 6 scrolls of identify {unknown}
 j - 2 scrolls of blinking {unknown}
 k - 2 scrolls of teleportation {unknown}
 l - a scroll of noise {unknown}
Potions
 d - a potion of might
 e - 2 potions of resistance {unknown}
 h - a potion of heal wounds {unknown}
 i - 2 potions of invisibility {unknown}
 m - a potion of flight {unknown}


   Skills:
 + Level 4.9 Fighting
 * Level 5.1 Axes
 + Level 4.8 Armour
 + Level 4.8 Shields


You had 4 spell levels left.
You didn't know any spells.
Your spell library contained the following spells:

 Spells                   Type           Power      Damage    Failure   Level
 Slow                     Hex            0%         N/A       83%         1
 Confusing Touch          Hex            0%         N/A       99%         3
 Vampiric Draining        Necr           0%         2d6       99%         3


Dungeon Overview and Level Annotations

Branches:
Dungeon (3/15)

Altars:
Qazlal

Shops:
D:2 =

Annotations:
D:3 Grinder


Innate Abilities, Weirdness & Mutations

You have a pair of horns on your head.
You reflexively headbutt those who attack you in melee.


Message History

Grinder is nearby!
You see here a giant cockroach corpse.
Grinder hits you.
Grinder is nearby!
You closely miss Grinder. Your headbutt misses Grinder.
Grinder is moderately wounded.
Grinder blinks!
Grinder is nearby!
Grinder is nearby!
Grinder is nearby!
Grinder gestures at you. Pain shoots through your body!
Grinder is nearby!
You slash Grinder!
Grinder is severely wounded.
Grinder gestures at you.
You suddenly lose the ability to move!
Grinder hits you.
You writhe in agony.
Grinder blinks!
You can move again.
You are too injured to fight recklessly!
You are too injured to fight recklessly!
Unknown command.
You are too injured to fight recklessly!
You are too injured to fight recklessly!
Unknown command.
Grinder gestures at you.
You barely resist. You closely miss Grinder.
Grinder is severely wounded.
Grinder hits you.
You writhe in agony.
* * * LOW HITPOINT WARNING * * *
Grinder blinks!
Unknown command.
Grinder gestures at you.
You suddenly lose the ability to move!
Grinder hits you!
* * * LOW HITPOINT WARNING * * *
You writhe in agony.
You die...

#.# # #.#
######.###########
...)............>#
################.######
# #††.....# # #.......#
# #####..5..)$# #
#.....@[....#
#...........#
#......>....#
#...$.!.....# #
#.......##### .
#..#...### ...##...#
### #...# #####


You could see Grinder.

Vanquished Creatures
  Sigmund (D:2)
  3 adders (D:2)
  A worm (D:2)
  A dart slug (D:1)
  An orc (D:3)
  4 ball pythons
  9 bats
  4 endoplasms
  2 giant cockroaches
  6 goblins
  6 hobgoblins
  2 jackals (D:1)
  A quokka (D:1)
  3 frilled lizards
  7 kobolds
  12 rats
63 creatures vanquished.

Notes
Turn   | Place    | Note
-------+----------+-------------------------------------------
     0 | D:1      | ChadusMaximus the Minotaur Fighter began the quest for the
                  | Orb.
     0 | D:1      | Reached XP level 1. HP: 19/19 MP: 0/0
   198 | D:1      | Reached XP level 2. HP: 27/27 MP: 1/1
   245 | D:1      | Reached skill level 3 in Axes
   571 | D:1      | Reached XP level 3. HP: 33/33 MP: 2/2
   874 | D:2      | Found a stormy altar of Qazlal.
   897 | D:2      | Found a faded altar of an unknown god.
  1182 | D:2      | Noticed Sigmund
  1189 | D:2      | Killed Sigmund
  1190 | D:2      | Reached skill level 4 in Axes
  1190 | D:2      | Reached XP level 4. HP: 36/41 MP: 3/3
  1190 | D:2      | Reached XP level 5. HP: 41/47 MP: 4/4
  1253 | D:2      | Reached skill level 5 in Axes
  1362 | D:2      | Found Zijihisu's Jewellery Shop.
  1892 | D:3      | Noticed Grinder
  1894 | D:3      | Paralysed by Grinder for 4 turns
  1910 | D:3      | Paralysed by Grinder for 3 turns
  1915 | D:3      | Paralysed by Grinder for 3 turns
  1916 | D:3      | Slain by Grinder

Illustrated notes

Levels and vault maps discovered:
D:1:      scummos_arrival_gate, layout_basic
D:2:      layout_basic, basic_altar, serial_shops, nicolae_diamond_shop,
          hellmonk_ecumenical_altar_blasted, uniq_sigmund
D:3:      layout_basic, uniq_grinder

Skill      XL: |  1  2  3  4  5 |
---------------+----------------+-----
Axes           | 3 4 5 |  5.1
Fighting       | 4 |  4.9
Shields        | 4 |  4.8
Armour         | 4 |  4.8

Action                     |  1- 3 |  4- 6 || total
---------------------------+-------+-------++-------
  Melee: War axe           |    95 |    37 ||   132
         Headbutt          |    17 |     6 ||    23
 Armour: Scale mail        |    44 |    27 ||    71
  Dodge: Dodged            |    48 |    13 ||    61
  Block: Buckler           |    23 |    14 ||    37
